 Dungeon Crawl Stone Soup version 0.19-a0-1482-ga9fd55e (webtiles) character file.

67 TheGoonsmith the Magician (level 4, -8/30 HPs)
             Began as a Demonspawn Wizard on Sept 7, 2016.
             Mangled by Grinder (9 damage)
             ... while paralysed by Grinder
             ... on level 3 of the Dungeon.
             The game lasted 00:03:03 (2216 turns).

TheGoonsmith the Magician (Demonspawn Wizard)       Turns: 2216, Time: 00:03:03

Health: -8/30      AC:  7    Str:  7    XL:     4   Next: 0%
Magic:  0/9        EV:  2    Int: 19    God:
Gold:   80         SH:  0    Dex: 13    Spells: 1 memorised, 9 levels left

rFire  . . .     SeeInvis .     l - +0 mace
rCold  . . .     Gourm    .     a - +0 robe
rNeg   . . .     Faith    .     (no shield)
rPois  .         Spirit   .     b - +0 hat
rElec  .         Dismiss  .     j - +0 cloak
rCorr  .         Reflect  .     g - +1 pair of gloves
MR     .....     Harm     .     (no boots)
Stlth  ++........               (no amulet)
                                (no ring)
                                (no ring)

@: paralysed
A: claws 1, yellow scales 1
a: no special abilities


You were on level 3 of the Dungeon.
You were hungry.

You visited 1 branch of the dungeon, and saw 3 of its levels.

You collected 80 gold pieces.

Inventory:

Hand Weapons
 h - a +0 hand axe
 l - a +0 mace (weapon)
Armour
 a - a +0 robe (worn)
 b - a +0 hat (worn)
 f - a +0 shield
 g - a +1 pair of gloves (worn)
 j - a +0 cloak (worn)
Jewellery
 q - an uncursed amulet of guardian spirit {unknown}
Scrolls
 e - 2 scrolls of identify {unknown}
 m - a scroll of noise {unknown}
 n - 2 scrolls of teleportation {unknown}
 p - a scroll of remove curse {unknown}
Potions
 i - a potion of agility {unknown}
 r - 2 potions of curing {unknown}
Books
 c - a book of Minor Magic

   Spells                             Type                      Level
   a - Magic Dart                     Conjuration                  1
   b - Blink                          Translocation                2
   c - Call Imp                       Summoning                    2
   d - Repel Missiles                 Charms/Air                   2
   e - Slow                           Hexes                        2
   f - Conjure Flame                  Conjuration/Fire             3
   g - Mephitic Cloud                 Conjuration/Poison/Air       3
Comestibles
 d - a bread ration
 k - 3 meat rations
 o - a slice of pizza


   Skills:
 - Level 1.7 Dodging
 - Level 1.7 Stealth
 + Level 3.5 Spellcasting
 * Level 3.2 Conjurations
   Level 1.0 Summonings
   Level 0.8 Translocations


You had 9 spell levels left.
You knew the following spells:

 Your Spells              Type           Power        Failure   Level  Hunger
a - Magic Dart            Conj           ###.         4%          1    None


Dungeon Overview and Level Annotations

Branches:
Dungeon (3/15)

Altars:
Ashenzari
Zin
The Shining One

Annotations:
D:3 Grinder


Innate Abilities, Weirdness & Mutations

You have sharp fingernails.
You are partially covered in yellow scales. (AC +2)


Message History

Confirm with . or Enter, or press ? or * to list all spells.
Aiming: Magic Dart
Press: ? - help, Shift-Dir - straight line, f/p - Grinder
Aim: Grinder (heavily wounded)
The magic dart hits Grinder.
Grinder is heavily wounded.
Grinder gestures at you.
You suddenly lose the ability to move!
Grinder hits you.
* * * LOW HITPOINT WARNING * * *
You writhe in agony.
* * * LOW HITPOINT WARNING * * *
Grinder hits you but does no damage.
Grinder says, "Mostly I couldn't keep them alive."
Grinder gestures at you. Pain shoots through your body!
* * * LOW HITPOINT WARNING * * *
Grinder hits you but does no damage. Grinder hits you!
You die...

#..... .!.
....#. ...
...... ..# #
......##.#.#
.......#.#
.....#.####
#5.......##
#@........#
#..%.......
...........?....
.#........$....<
..#..#..........
?......#.#.###..
###......... .
##.###..... #.
###.#..


You could see Grinder.

Vanquished Creatures
  2 adders
  A worm (D:2)
  A dart slug (D:1)
  2 giant geckos (D:2)
  3 giant cockroaches
  5 goblins
  5 hobgoblins
  3 jackals
  4 kobolds
  2 ball pythons
  6 bats
  4 giant newts
  4 rats
42 creatures vanquished.

Notes
Turn   | Place    | Note
-------+----------+-------------------------------------------
     0 | D:1      | TheGoonsmith the Demonspawn Wizard began the quest for the Orb.
     0 | D:1      | Reached XP level 1. HP: 13/13 MP: 4/4
   385 | D:1      | Gained mutation: You have sharp fingernails. [demonic ancestry]
   385 | D:1      | Reached XP level 2. HP: 19/19 MP: 3/6
  1071 | D:1      | Reached XP level 3. HP: 21/24 MP: 2/7
  1723 | D:2      | Found a glowing silver altar of Zin.
  1723 | D:2      | Found a glowing golden altar of the Shining One.
  1725 | D:2      | Found a shattered altar of Ashenzari.
  1774 | D:2      | Found a faded altar of an unknown god.
  2107 | D:3      | Gained mutation: You are partially covered in yellow scales. (AC +2) [demonic ancestry]
  2107 | D:3      | Reached XP level 4. HP: 30/30 MP: 1/9
  2108 | D:3      | Noticed Grinder
  2118 | D:3      | Paralysed by Grinder for 6 turns
  2211 | D:3      | Paralysed by Grinder for 7 turns
  2214 | D:3      | HP: 1/30 [Grinder/nerve-wracking pain (3)]
  2216 | D:3      | Mangled by Grinder

Vault maps used:
D:1:      minmay_arrival_nine_rooms
D:2:      gammafunk_temple_overflow_claw, ecumenical_altar_1
D:3:      uniq_grinder

Skill      XL: |  1  2  3 |
---------------+----------+-----
Conjurations   | 2 3 |  3.2
Dodging        | |  1.7
Stealth        | |  1.7
Spellcasting   | |  3.5
Summonings     | |  1.0
Translocations | |  0.8

Action                   |  1- 3 |  4- 6 || total
-------------------------+-------+-------++-------
Melee: Hand axe          |     2 |       ||     2
       Mace              |    20 |     1 ||    21
 Cast: Magic Dart        |   101 |    14 ||   115
  Eat: Chunk             |     3 |       ||     3
Armor: Robe              |    12 |     2 ||    14
Dodge: Dodged            |    34 |     2 ||    36
